 Dungeon Crawl Stone Soup version 0.28.0 (webtiles) character file.

Game seed: 12583656906067494882

16788 KamiKatze the Thaumaturge (level 12, -7/59 HPs)
             Began as a Deep Elf Conjurer on Feb 8, 2022.
             Was a Priest of Vehumet.
             Mangled by a boulder beetle (26 damage)
             ... on level 11 of the Dungeon.
             The game lasted 00:59:23 (13035 turns).

KamiKatze the Thaumaturge (Deep Elf Conjurer)      Turns: 13035, Time: 00:59:23

Health: -7/59      AC: 10    Str:  4    XL:     12   Next: 13%
Magic:  22/31      EV: 16    Int: 34    God:    Vehumet [***...]
Gold:   628        SH:  0    Dex: 13    Spells: 19/37 levels left

rFire   + + .      SeeInvis .   a - +1 short sword
rCold   + . .      Faith    .   (no shield)
rNeg    . . .      Spirit   .   J - +3 robe of Lienacus {rF+ Int+5}
rPois   .          Reflect  .   (no helmet)
rElec   .          Harm     .   x - scarf {rC+ rF+}
rCorr   .          Rampage  .   N - +1 pair of gloves
Will    +....                   C - +2 pair of boots
Stlth   ++........              H - amulet of regeneration
HPRegen 0.99/turn               o - +4 ring of evasion
MPRegen 0.22/turn               (no ring)

@: no status effects
A: no striking features
a: Renounce Religion


You were on level 11 of the Dungeon.
You worshipped Vehumet.
Vehumet was most pleased with you.
You visited 2 branches of the dungeon, and saw 12 of its levels.
You also visited: Ossuary.

You collected 703 gold pieces.
You spent 75 gold pieces at shops.

Inventory:

Hand Weapons
 a - a +1 short sword (weapon)
Missiles
 d - 19 poisoned darts (quivered)
 n - 6 throwing nets
 t - 6 datura-tipped darts
 L - 3 atropa-tipped darts
Armour
 c - a +0 robe
 v - a +0 leather armour
 x - a scarf of resistance (worn)
 C - a +2 pair of boots (worn)
 J - the +3 robe of Lienacus (worn) {rF+ Int+5}
   (You took it off a gnoll on level 10 of the Dungeon)

   Int:       It affects your intelligence (+5).
   rF:        It protects you from fire.
 N - a +1 pair of gloves (worn)
Magical Staves
 f - a staff of earth
Jewellery
 o - a +4 ring of evasion (left hand)
 H - an amulet of regeneration (around neck)
Wands
 p - a wand of polymorph (12)
 r - a wand of charming (14)
 u - a wand of paralysis (29)
 y - a wand of flame (86)
 z - a wand of mindburst (3)
 A - a wand of digging (6)
 P - a wand of iceblast (7)
Scrolls
 b - 2 scrolls of enchant armour
 e - 4 scrolls of fear
 g - 6 scrolls of identify
 l - 2 scrolls of amnesia
 q - a scroll of torment
 s - a scroll of acquirement
 D - 4 scrolls of immolation
 G - 2 scrolls of blinking
 M - a scroll of magic mapping
 O - a scroll of enchant weapon
Potions
 h - 2 potions of mutation
 i - 3 potions of brilliance
 j - 2 potions of invisibility
 k - 3 potions of curing
 m - a potion of magic
 w - a potion of flight
 B - a potion of might
 E - a potion of lignification
 F - a potion of haste
 I - 3 potions of attraction
 K - 2 potions of heal wounds


   Skills:
 - Level 3.0 Dodging
 - Level 3.0 Stealth
 + Level 13.3 Spellcasting
 + Level 11.9 Conjurations
 - Level 12.0 Hexes
 - Level 9.0 Translocations
 - Level 6.0 Fire Magic
 - Level 3.5 Earth Magic


You had 19 spell levels left.
You knew the following spells:

 Your Spells              Type           Power      Damage    Failure   Level
a - Magic Dart            Conj           100%       1d8       0%          1
b - Searing Ray           Conj           100%       2d8       0%          2
c - Fulminant Prism       Conj/Hex       40%        3d20      1%          4
d - Iskenderun's Mystic   Conj/Tloc      76%        2d15      1%          4
e - Flame Wave            Conj/Fire      70%        2d13      1%          4
f - Ignite Poison         Fire/Tmut/Pois 36%        N/A       1%          3

Your spell library contained the following spells:

 Spells                   Type           Power      Damage    Failure   Level
 Slow                     Hex            100%       N/A       0%          1
 Scorch                   Fire           100%       2d10      1%          2
 Confusing Touch          Hex            81%        N/A       1%          3
 Dazzling Flash           Conj/Hex       100%       N/A       1%          3
 Portal Projectile        Hex/Tloc       100%       N/A       1%          3
 Leda's Liquefaction      Hex/Erth       33%        N/A       1%          4
 Call Canine Familiar     Summ           22%        N/A       5%          3
 Vampiric Draining        Necr           22%        2d7       5%          3
 Summon Cactus Giant      Summ           11%        N/A       96%         6


Dungeon Overview and Level Annotations

Branches:
Dungeon (11/15)            Temple (1/1) D:6            Lair (0/6) D:10
    Orc (0/2) D:9         Ossuary (visited)

Altars:
Ashenzari
Cheibriados
Dithmenos
Elyvilon
Fedhas
Gozag
Hepliaklqana
Kikubaaqudgha
Makhleb
Nemelex Xobeh
Okawaru
Qazlal
Ru
Sif Muna
Trog
Uskayaw
Vehumet
Wu Jian
Xom
Yredelemnul
Zin
The Shining One

Shops:
D:1 *


Message History

Casting: Iskenderun's Mystic Blast (safe; 1% risk of failure)
Confirm with . or Enter, or press ? or * to list all spells.
You erupt in a blast of force!
The mystic blast hits the centaur!
You kill the centaur!
Vehumet accepts your kill.
The mystic blast hits the komodo dragon but does no damage.
Unknown command.
Things that are here:
a +0 giant spiked club; a +0 giant club
Casting: Iskenderun's Mystic Blast (safe; 1% risk of failure)
Confirm with . or Enter, or press ? or * to list all spells.
Aiming: Fulminant Prism (safe; 1% risk of failure)
Press: ? - help, Dir - move target You conjure a prism of explosive energy!
A fulminant prism comes into view.
Your fulminant prism crackles loudly.
Your fulminant prism explodes!
The blast of energy engulfs the komodo dragon!!!
The komodo dragon is almost dead.
Casting: Fulminant Prism (safe; 1% risk of failure)
Confirm with . or Enter, or press ? or * to list all spells.
You erupt in a blast of force!
The mystic blast hits the komodo dragon.
You kill the komodo dragon!
Vehumet accepts your kill.
You feel your power returning.
A boulder beetle comes into view.
Things that are here:
a +0 long sword; a +0 leather armour; a +0 buckler You see here a yak skeleton.
Things that are here:
a -1 spear of freezing; a +0 animal skin The boulder beetle curls into a ball and begins rolling!
The boulder beetle hits you!!!
Ouch! That really hurt!
* * * LOW HITPOINT WARNING * * *
The boulder beetle stops rolling and uncurls.
There is a stone staircase leading up here.
The boulder beetle bites you!!
You die...

#............................†...
#............##########.....#####
#.(..........# ####.....#....
#........##########.........#....
....>.............†..≈≈(..D......
##...........##...#.≈≈≈.....#....
##....≈......##...#..≈≈≈....#....
.#...........##...#....≈....#....
.#...........##.@.#.........#....
.#...........##.B.#..^......#....
.#.......######...# #....
.#.......######...# #....
..................# #####
....≈≈............# #
..≈≈≈≈............# #
...≈≈≈............# #
..................#


You could see a boulder beetle.

Vanquished Creatures
  Erolcha (D:11)
  Harold (D:8)
  2 hydras (D:11)
  4 two-headed ogres
  Erica (D:8)
  A tengu warrior (D:11)
  A skeletal warrior (D:10)
  An ugly thing (D:10)
  An oklob plant (D:10)
  A manticore (D:10)
  A cyclops (D:11)
  Joseph (D:10)
  2 unseen horrors
  A kobold demonologist (D:10)
  2 komodo dragons
  2 trolls
  A meliai zombie (D:11)
  2 shadows (D:11)
  A water elemental (D:11)
  3 wyverns
  A vampire (D:10)
  6 yaks (D:11)
  Grum (D:11)
  Menkaure (D:6)
  A water moccasin (D:4)
  An acid dragon (D:9)
  2 black bears
  An orc warrior (D:9)
  2 ogres
  4 wolves (D:11)
  3 centaurs
  A phantom (D:5)
  A kobold brigand (D:8)
  2 bullfrogs
  2 gnoll sergeants
  8 scorpions
  A water moccasin zombie (D:5)
  A water moccasin skeleton (D:5)
  4 killer bees
  An oklob sapling (D:6)
  10 wights
  2 centaur zombies
  3 howler monkeys (D:11)
  3 hounds (D:5)
  A centaur skeleton (D:7)
  2 bullfrog zombies
  3 jellies
  4 orc priests
  Natasha (thrice) (D:2)
  2 iguanas
  9 orc wizards
  A killer bee zombie (D:7)
  A hound zombie (D:5)
  2 hound skeletons (D:4)
  3 mummies (Ossuary)
  14 gnolls
  2 howler monkey skeletons (D:7)
  4 adders
  A shadow imp (D:7)
  2 white imps (D:7)
  9 adder zombies (Ossuary)
  3 dart slugs
  23 orcs
  11 bats
  4 endoplasms
  5 giant cockroaches
  3 goblins
  7 hobgoblins
  4 jackals (D:3)
  9 kobolds
  3 quokkas
  3 ball pythons
  2 frilled lizards
  A gnoll zombie (Ossuary)
  3 goblin zombies
  A hobgoblin zombie (Ossuary)
  3 kobold zombies (Ossuary)
  3 quokka zombies
  5 rats
248 creatures vanquished.

Vanquished Creatures (others)
  147 fulminant prisms
  3 fungi (D:5)
  40 plants
190 creatures vanquished.

Grand Total: 438 creatures vanquished

Notes
Turn   | Place    | Note
-------+----------+-------------------------------------------
     0 | D:1      | KamiKatze the Deep Elf Conjurer began the quest for the
                  | Orb.
     0 | D:1      | Reached XP level 1. HP: 10/10 MP: 6/6
   214 | D:1      | Reached XP level 2. HP: 15/15 MP: 4/8
   217 | D:1      | Learned a level 2 spell: Searing Ray
   426 | D:1      | Found Faceuwke's General Store.
   468 | D:1      | Bought a scroll of magic mapping for 35 gold pieces
  1091 | D:2      | Reached XP level 3. HP: 19/19 MP: 8/10
  1266 | D:2      | Noticed Natasha
  1372 | D:3      | Reached skill level 4 in Spellcasting
  1374 | D:3      | Reached skill level 5 in Conjurations
  1375 | D:3      | Reached XP level 4. HP: 20/24 MP: 5/12
  1381 | D:3      | Learned a level 4 spell: Fulminant Prism
  1386 | D:3      | Learned a level 4 spell: Iskenderun's Mystic Blast
  1536 | D:2      | Killed Natasha
  1569 | D:2      | Reached XP level 5. HP: 28/28 MP: 10/14
  1586 | D:2      | Noticed Natasha
  1596 | D:2      | Killed Natasha
  1597 | D:2      | Reached skill level 5 in Spellcasting
  1597 | D:2      | Reached skill level 1 in Hexes
  1683 | D:2      | Noticed Natasha
  1687 | D:2      | Killed Natasha
  1688 | D:2      | Reached skill level 1 in Translocations
  1861 | D:3      | Found a faded altar of an unknown god.
  2493 | D:1      | Bought a scroll of identify for 20 gold pieces
  2493 | D:1      | Bought a scroll of identify for 20 gold pieces
  3096 | D:4      | Reached XP level 6. HP: 32/32 MP: 9/16
  3280 | D:4      | Identified the +12 hand axe of Neuticon {spect, rF+++ Str+8
                  | Dex-3}
  3291 | D:4      | Noticed a water moccasin
  3684 | D:4      | Reached skill level 6 in Spellcasting
  3889 | D:4      | Reached XP level 7. HP: 36/36 MP: 12/18
  4168 | D:5      | Entered Level 5 of the Dungeon
  4753 | D:5      | Reached skill level 7 in Spellcasting
  4828 | D:5      | Reached skill level 5 in Hexes
  4968 | D:5      | Reached XP level 8. HP: 41/41 MP: 15/20
  5871 | D:6      | Reached skill level 5 in Translocations
  5901 | D:6      | Found a staircase to the Ecumenical Temple.
  5907 | D:6      | Reached skill level 8 in Spellcasting
  5915 | Temple   | Entered the Ecumenical Temple
  6088 | Temple   | Became a worshipper of Vehumet
  6389 | D:6      | Reached XP level 9. HP: 45/45 MP: 15/23
  6509 | D:6      | Noticed Menkaure
  6514 | D:6      | Killed Menkaure
  6843 | D:7      | Reached skill level 9 in Spellcasting
  6878 | D:7      | Found a sand-covered staircase.
  6886 | Ossuary  | Entered an ossuary
  7021 | Ossuary  | Reached * piety under Vehumet
  7021 | Ossuary  | Offered knowledge of Shock by Vehumet.
  7681 | D:7      | Offered knowledge of Sandblast by Vehumet.
  7704 | D:7      | Reached ** piety under Vehumet
  8051 | D:8      | Noticed Erica
  8062 | D:8      | Killed Erica
  8317 | D:8      | Noticed Harold
  8467 | D:8      | Reached skill level 10 in Spellcasting
  8475 | D:8      | Learned a level 4 spell: Flame Wave
  8513 | D:8      | Found a bloodstained altar of Trog.
  8784 | D:9      | Noticed a two-headed ogre
  8794 | D:9      | Killed a two-headed ogre
  8795 | D:9      | Reached XP level 10. HP: 50/50 MP: 7/26
  8842 | D:7      | Identified a scroll of acquirement
  9110 | D:9      | Noticed a two-headed ogre
  9119 | D:9      | Killed a two-headed ogre
  9507 | D:9      | Found a stormy altar of Qazlal.
  9539 | D:8      | Killed Harold
  9540 | D:8      | Reached skill level 1 in Fire Magic
  9771 | D:9      | Found a staircase to the Orcish Mines.
  9829 | D:9      | Found a broken altar of Ashenzari.
  9829 | D:9      | Found a shimmering blue altar of Sif Muna.
  9831 | D:9      | Found a glowing golden altar of the Shining One.
  9835 | D:9      | Found a hazy altar of Hepliaklqana.
 10100 | D:10     | Entered Level 10 of the Dungeon
 10154 | D:10     | Noticed an oklob plant
 10169 | D:10     | Killed an oklob plant
 10170 | D:10     | Reached skill level 11 in Spellcasting
 10190 | D:10     | Found a staircase to the Lair.
 10219 | D:10     | Noticed a white ugly thing
 10351 | D:10     | Reached skill level 10 in Conjurations
 10351 | D:10     | Reached skill level 10 in Hexes
 10355 | D:10     | Killed a white ugly thing
 10358 | D:10     | Noticed a manticore
 10439 | D:10     | Noticed a skeletal warrior
 10706 | D:11     | Noticed a cyclops
 10715 | D:11     | Killed a cyclops
 10804 | D:11     | Reached XP level 11. HP: 54/54 MP: 21/28
 10961 | D:11     | Noticed Erolcha
 10972 | D:11     | Killed Erolcha
 11073 | D:11     | Noticed a seven-headed hydra
 11083 | D:11     | Killed a seven-headed hydra
 11242 | D:11     | Offered knowledge of Mephitic Cloud by Vehumet.
 11427 | D:10     | Identified the +3 robe of Lienacus {rF+ Int+5}
 11430 | D:10     | Reached *** piety under Vehumet
 11665 | D:10     | Noticed a two-headed ogre
 11669 | D:10     | Killed a two-headed ogre
 11746 | D:10     | Killed a skeletal warrior
 11792 | D:10     | Reached skill level 12 in Spellcasting
 11792 | D:10     | Reached skill level 5 in Fire Magic
 11916 | D:10     | Noticed Joseph
 12174 | D:10     | Killed Joseph
 12711 | D:11     | Offered knowledge of Ignite Poison by Vehumet.
 12720 | D:11     | Learned a level 3 spell: Ignite Poison
 12721 | D:11     | Noticed Grum
 12725 | D:11     | Killed Grum
 12840 | D:11     | Noticed a five-headed hydra
 12846 | D:11     | Killed a five-headed hydra
 12847 | D:11     | Reached XP level 12. HP: 59/59 MP: 22/30
 12939 | D:11     | Noticed a tengu warrior
 12939 | D:11     | Noticed a two-headed ogre
 12942 | D:11     | Killed a two-headed ogre
 12943 | D:11     | Reached skill level 13 in Spellcasting
 12948 | D:11     | Killed a tengu warrior
 13015 | D:11     | Noticed a boulder beetle
 13035 | D:11     | Mangled by a boulder beetle

Illustrated notes

Levels and vault maps discovered:
D:1:      psy_arrival_whirlpool, layout_loops_ring, serial_shops,
          nicolae_diamond_shop, amcnicky_mini_rare_corridor_liquid
D:2:      layout_basic, uniq_natasha
D:3:      layout_basic, hellmonk_ecumenical_altar_crossroads
D:4:      black_bear_nest_2, layout_basic
D:5:      old_forge, layout_loops_ring, kennysheep_generic_room_15
D:6:      layout_basic, minmay_temple_entry_oklob, uniq_menkaure
D:7:      layout_rooms, enter_ossuary_4
D:8:      layout_basic, mainiacjoe_overflow_brackets, uniq_harold, uniq_erica
D:9:      layout_loops_ring, minitemple, orc_0_dummy
D:10:     minmay_distorted_concentric_squares, layout_stronghold,
          dpeg_oklobed_lair, uniq_joseph
D:11:     minmay_clustersquares, layout_basic, minmay_misc_feat_encased,
          uniq_erolcha, uniq_grum
Temple:   eino_temple_rhombus

Skill      XL: |  1  2  3  4  5  6  7  8  9 10 11 12 |
---------------+-------------------------------------+-----
Dodging        | 3 |  3.0
Stealth        | 3 |  3.0
Spellcasting   | 4 5 6 7 8 10 11 12 13 | 13.3
Conjurations   | 5 6 7 8 9 10 11 | 11.9
Hexes          | 2 3 5 6 9 10 12 | 12.0
Translocations | 2 4 5 7 8 9 |  9.0
Earth Magic    | 2 3 |  3.5
Fire Magic     | 3 6 |  6.0

Action                   |  1- 3 |  4- 6 |  7- 9 | 10-12 || total
-------------------------+-------+-------+-------+-------++-------
Melee: Short sword       |     2 |     3 |     6 |       ||    11
       Punch             |       |       |     1 |       ||     1
Throw: Dart              |       |       |       |     1 ||     1
 Cast: Magic Dart        |    59 |    52 |    15 |     6 ||   132
       Searing Ray       |     2 |    19 |    38 |     5 ||    64
       Iskenderun's Myst |       |       |     8 |    17 ||    25
       Fulminant Prism   |       |       |    60 |    88 ||   148
       Flame Wave        |       |       |       |     2 ||     2
  Use: Scroll            |       |     7 |     5 |    13 ||    25
 Stab: Held in net/web   |       |       |     1 |       ||     1
Armor: Robe              |     1 |     1 |     4 |     8 ||    14
Dodge: Dodged            |     8 |    22 |    32 |    12 ||    74
